[Event "Silves Open 2025"]
[Site "Fissul"]
[Date "2025.03.03"]
[Round "4.11"]
[White "Goncalves, Samuel Jesus P"]
[Black "Paiva, Manuel Maria Fonseca"]
[Result "1-0"]
[Annotator "TA"]
[ECO "A11"]
[WhiteElo "2280"]
[BlackElo "1904"]
[PlyCount "78"]
[EventDate "2025.03.03"]
[EventType "swiss"]
[EventCountry "POR"]
[SourceTitle "playchess.com"]
[Source "ChessBase"]
[SourceQuality "1"]
[TimeControl "5400+30"]

1. Nf3 d5 2. e3 Nf6 3. c4 e6 4. Nc3 Bd6 5. b3 O-O 6. Bb2 c6 7. Qc2 Nbd7 8. Rc1 {[%emt 0:05:20] A11: English Opening: 1...c6.} Re8 9. Be2 b6 {[%emt 0:02:32] [#]} (9... e5 $11) 10. Nd4 $146 (10. cxd5 $1 $16 cxd5 11. Nb5) (10. d4 dxc4 11. Bxc4 Bb4 12. O-O Bxc3 13. Bxc3 a5 14. Bb2 b5 15. Bd3 Bb7 16. Rfd1 {1-0 Fegebank,F (1906)-Marquardt,R (1828) Hamburg-ch Seniors 22nd 2015 (7)}) 10... Bb7 $11 11. cxd5 exd5 12. Nf5 Bf8 13. d4 g6 14. Ng3 Bd6 15. O-O h5 16. Rfd1 h4 17. Nf1 Qe7 18. Nd2 Qe6 (18... Rac8 $11) 19. h3 Kg7 (19... Qe7 $11 {remains equal.}) 20. Re1 Nf8 21. Nf3 N8h7 22. Bd3 (22. Nxh4 Ng5 23. Bf1 Rh8 24. Nxg6 fxg6 $19) 22... Qd7 23. Nxh4 Rg8 (23... Ng5 $16) 24. Nf3 $18 Rh8 (24... Rae8 25. Ne5 Bxe5) 25. Ne5 Qe6 (25... Qe7 {was necessary.} 26. Ne2 c5) 26. Ne2 (26. Bxg6 $142 fxg6 27. Qxg6+ Kf8 28. Qh6+ Kg8 29. e4 Bxe5 30. Qg6+ (30. dxe5 Qxe5 31. Qg6+ Kf8 $18) 30... Kf8 31. dxe5 Qxe5 32. Na4) 26... Ng5 27. Nf4 (27. Nxc6 Nxh3+ 28. Kf1 (28. gxh3 Bh2+ 29. Kh1 Qxh3) 28... Ng4 $19) 27... Qe8 28. a3 (28. Nxc6 $2 Rc8 29. Qd2 (29. Bb5 $2 a6 $19) 29... Bxc6 $19 (29... Rxc6 $2 30. Bb5 $17)) 28... Rh6 29. Qe2 (29. Nxc6 $2 Rc8 30. Bb5 a6 $19) 29... a5 30. Ng4 $2 ({White should try} 30. f3 $18) 30... Nxg4 $15 31. Qxg4 Qe7 32. e4 $2 Bxf4 $4 (32... Bc8 $19 33. exd5 Qxe1+ (33... Bxg4 34. Rxe7 Bxe7 35. hxg4 $17) 34. Rxe1 Bxg4) 33. Qxf4 $18 {[%emt 0:00:35] and exd5 should not be overlooked} Rxh3 {[%emt 0:01:35] Threatens to win with ...Ne6.} 34. exd5 Rah8 {[%emt 0:00:01][%csl Gh8][%cal Rh3h1] [#]} 35. f3 $1 (35. Rxe7 $2 Rh1#) (35. gxh3 Nxh3+ 36. Kf1 Nxf4 37. f3 Qg5 (37... Rh1+ 38. Kf2 Rh2+ 39. Kg1 Qg5+ 40. Kxh2 Qg2#) 38. Kf2 Rh2+ (38... Nxd3+ 39. Ke2 Nxb2 40. Rg1 Rh2+ 41. Rg2 Qxg2+ 42. Ke3 Qd2+ 43. Ke4 Re2#) 39. Ke3 Nxd5+ 40. Ke4 Nf6#) 35... Nxf3+ 36. Qxf3 ({Less strong is} 36. gxf3 Rh1+ 37. Kg2 (37. Kf2 R1h2+ 38. Kg1 Rh1+ 39. Kg2 R8h2+ 40. Qxh2 Rxh2+ 41. Kxh2 Qh4+ 42. Kg2 Bc8 $14) 37... Rxe1 38. dxc6 (38. d6 Re2+ 39. Kg1 Qe3+ 40. Qxe3 Rxe3 $11) 38... Re2+ 39. Bxe2 Qxe2+ 40. Kg1 Bxc6 (40... Qxb2 $2 {too greedy.} 41. cxb7 Re8 42. d5 $18) 41. Qe5+ (41. Rxc6 $2 Qe1+ 42. Kg2 Qh1+ 43. Kf2 Rh2+ $19) 41... Qxe5 42. dxe5 Rc8 $11) 36... Rh1+ $2 (36... Qg5 37. Qe4 cxd5 38. Qe5+ Qxe5 39. dxe5 Rxd3) 37. Kf2 {[%emt 0:00:05] White is clearly winning.} Qh4+ 38. Qg3 Qf6+ 39. Ke2 Re8+ {[%emt 0:02:44] Weighted Error Value: White=0.48/Black=0.52  Loses game:     	White=1     	---        Missed win:     	White=1     	Black=1      Mistake:       	White=2     	Black=7      Inaccurate:     	White=2     	Black=3      OK:         	White=12    	Black=10     Best:        	White=1     	Black=3      Strong:       	White=1     	---} 1-0

[Event "Silves Open 2025"]
[Site "Fissul"]
[Date "2025.03.03"]
[Round "4.12"]
[White "Vasques, Antonio Pedro Freixi"]
[Black "Santos, Jose P"]
[Result "1/2-1/2"]
[Annotator "TA"]
[ECO "B15"]
[WhiteElo "2246"]
[BlackElo "2273"]
[PlyCount "100"]
[EventDate "2025.03.03"]
[EventType "swiss"]
[EventCountry "POR"]
[SourceTitle "playchess.com"]
[Source "ChessBase"]
[SourceQuality "1"]
[TimeControl "5400+30"]

1. e4 c6 2. d4 d5 3. Nc3 dxe4 4. Nxe4 Nf6 5. Nxf6+ exf6 6. c3 Bd6 7. Bd3 O-O 8. Qc2 Re8+ 9. Ne2 g6 10. h4 Be6 {[%emt 0:07:59] B15: Caro-Kann: 3 Nc3: 3...g6 and 3...dxe4 4 Nxe4 Nf6 5 Nxf6+ exf6.} 11. h5 f5 12. Bd2 Bd5 (12... Nd7 $14) 13. f3 $16 b5 14. b3 $146 (14. O-O-O $16) ({Predecessor:} 14. Rh3 Nd7 15. O-O-O Nf8 16. Kb1 a5 17. Nf4 Bxf4 18. Bxf4 Qd7 19. Be5 a4 20. Rg3 {1-0 Bielczyk,J (2365)-Ledwon,E (2285) POL-chT reg Poland 1995}) 14... Na6 (14... Nd7 $11 {remains equal.}) 15. O-O-O Rb8 (15... Nc7 $14) 16. Nf4 Nc7 (16... Qf6 $16 {was worth a try.}) 17. Rh3 (17. hxg6 $18 fxg6 18. Nxd5 Nxd5 19. g4) 17... Qf6 (17... Ne6 $14 18. Nxe6 Ba3+ (18... Rxe6 19. Rdh1 $14) 19. Kb1 Rxe6) 18. Rdh1 $2 (18. hxg6 $1 $16 fxg6 19. Kb1) 18... Ne6 $2 (18... g5 $15 {stays ahead.} 19. Ne2 g4 20. fxg4 Bxg2) 19. Nxe6 $1 Bxe6 20. hxg6 {[%emt 0:00:17] White has strong rooks and is better} hxg6 21. Kb1 Kf8 (21... Bc4 $1 $14) 22. Bh6+ Ke7 23. f4 Kd7 24. Bg5 Qg7 25. Rh7 Qf8 (25... Qg8 $16) 26. c4 $18 bxc4 27. Bxc4 Bd5 28. Rc1 $2 (28. Bxd5 $1 $18 cxd5 29. g4) 28... Be4 $11 29. Bd3 Bd5 30. g4 $2 {[%emt 0:01:00] [#]} Qg8 $2 (30... Ba3 $1 $17 31. Rd1 Qb4) 31. Rh2 (31. Rh6 $11) 31... Ba3 ({Better is} 31... fxg4 $17 {White must now prevent ...Qg7.} 32. Bc4 Be4) 32. Rf1 (32. gxf5 $11 Bxc1 33. Qxc1) 32... f6 (32... Re3 $1 $15 33. gxf5 f6 34. Bxf6 (34. Qd2 Rxd3 35. Qxd3 Bc4 $15) 34... Bxb3 35. axb3 Rxb3+ 36. Ka1 Bb2+ (36... Rexd3 37. Rb1 $17) (36... Rb2 $2 37. Qc4 $18) 37. Ka2 Rexd3 38. Rh7+ (38. Rh8 Ra3+ 39. Kxb2 Qa2+ 40. Kc1 Qa1+ 41. Qb1 Rac3#) 38... Qxh7) 33. Bxf6 Bxb3 $1 34. axb3 Rxb3+ 35. Ka1 Bb2+ 36. Qxb2 $1 Rxb2 37. Rxb2 {[%emt 0:00:18][%mdl 8192] [#]} (37. Kxb2 $11 fxg4 38. Be5) 37... Qf8 $1 $19 38. g5 $2 (38. Kb1 Qxf6 39. gxf5) 38... Qa3+ 39. Ra2 Qc3+ (39... Qxd3 $2 40. Rxa7+ Kc8 41. Rh1 Qc3+ 42. Kb1 $19) 40. Rb2 Qxd3 41. Rh1 Re2 ({Don't take} 41... Qa3+ 42. Kb1 $19) 42. Rh7+ Kd6 {[%emt 0:00:07] ( -> ...Qa3+)} 43. Rxe2 {[%emt 0:01:05] Hoping for Be5+.} Qxe2 {[%emt 0:00:04][%mdl 4096] Endgame KQ-KRB} (43... Qd1+ $142 44. Kb2 Qxe2+ 45. Kc3 a5) 44. Be5+ Kd5 45. Rxa7 Kc4 46. Rb7 c5 (46... Qe1+ $19 47. Ka2 Qe2+ 48. Ka1 Qc2) 47. dxc5 $15 Kxc5 {[%emt 0:00:21] ( -> ...Qa6+)} 48. Rb2 Qd1+ 49. Ka2 Kc4 50. Rb8 Qd2+ {[%emt 0:01:14] What a bad dream for Black.   Weighted Error Value: White=0.52/Black=0.45  Loses game:     	White=1     	---        Missed win:     	White=1     	---        Mistake:       	White=7     	Black=13     Inaccurate:     	White=3     	Black=1      OK:         	White=10    	Black=9      Best:        	White=9     	Black=5      Strong:       	White=2     	Black=2} ({Much weaker is} 50... Qa4+ 51. Kb2 $11) 1/2-1/2

[Event "Silves Open 2025"]
[Site "Fissul"]
[Date "2025.03.03"]
[Round "4.13"]
[White "Goncalves, Diogo Figueiredo"]
[Black "Rasti, Arvin"]
[Result "1/2-1/2"]
[Annotator "TA"]
[ECO "E68"]
[WhiteElo "1985"]
[BlackElo "2232"]
[PlyCount "88"]
[EventDate "2025.03.03"]
[EventType "swiss"]
[EventCountry "POR"]
[SourceTitle "playchess.com"]
[Source "ChessBase"]
[SourceQuality "1"]
[TimeControl "5400+30"]

1. c4 Nf6 2. g3 g6 3. Bg2 Bg7 4. Nc3 O-O 5. d4 d6 6. h3 Nbd7 7. Nf3 e5 8. e4 exd4 9. Nxd4 Nc5 10. O-O Re8 11. Re1 a5 12. Ndb5 Bd7 13. Bf4 {[%emt 0:00:30][%cal Ob5c7] E68: King's Indian: Fianchetto: 6...Nbd7 7 0-0 e5 8 e4.} Bc6 14. Qc2 Nfd7 15. Rad1 {[%emt 0:00:30] White is better.} h5 $146 (15... Ne5 16. Nd5 Rc8 17. b3 Bxb5 18. cxb5 c6 19. bxc6 bxc6 20. Ne3 Qc7 21. Nc4 Nxc4 22. Qxc4 {0-1 Halkias,S (2567)-Naroditsky,D (2621) Titled Tuesday intern op 30th Mar blitz 2021 (2)}) 16. Be3 Qc8 17. f4 Nb6 18. b3 Bd7 (18... Nbd7 $16 19. Kh2 Qd8) 19. Kh2 (19. e5 $1 $18) 19... Bf8 (19... Bxb5 $16 20. Nxb5 Nbd7) 20. Bf2 Bc6 21. f5 Nbd7 (21... Bxb5 22. cxb5 (22. Nxb5 Nbd7 $16) 22... gxf5 23. exf5 Rxe1) 22. Nd5 Bxd5 23. exd5 (23. cxd5 $6 Ne5 $16) 23... Ne5 (23... Rxe1 {is a better defense.} 24. Rxe1 f6 25. fxg6 h4) 24. fxg6 $18 fxg6 25. Bxc5 dxc5 26. d6 cxd6 27. Nxd6 {[%emt 0:00:30] Rxe5 is the strong threat.} Bxd6 (27... Qc7) 28. Rxd6 $2 (28. Rxe5 Rxe5 29. Qxg6+ (29. Rxd6 Qf5 $17) 29... Kh8 30. Qh6+ (30. Rxd6 Qf5 $14) (30. Qxd6 Qe6 $11) 30... Kg8 31. Rxd6) 28... Qf5 29. Qxf5 gxf5 30. Bxb7 Ra7 {[%emt 0:01:00] [#]} 31. Bd5+ Kg7 32. Rf1 {[%emt 0:00:30] Wards off Nf3+. White is more active.} Rf8 (32... Nf7 $142 33. Rc6 Re2+ 34. Kg1 Rxa2 35. Rxf5 (35. Rxc5 Nh6 $18) 35... Rb2 36. Rxh5 (36. Rxc5 Rxb3 37. Bxf7 Rxf7 $16) 36... Re7) 33. Be6 (33. Re6 $18 {has better winning chances.} Ng6 34. Rc6) 33... Re7 $16 34. Bd5 (34. Rxf5 $2 Rxe6 35. Rxe6 Rxf5 $19) (34. Ra6 $16) 34... Ng6 $2 {[%emt 0:00:30] [#]} (34... Ra7 $1 $11 {and Black has nothing to worry.}) 35. Re6 (35. Bf3 $1 $18) 35... Rxe6 $14 36. Bxe6 {[%emt 0:00:30][%mdl 4096] Endgame KRB-KRN. White is a pawn up.} Re8 37. Bxf5 Re2+ 38. Kg1 Rxa2 39. Rf2 (39. Be4 $16) 39... Ra3 $11 40. Rb2 {[%emt 0:00:30] The position is equal.} Ne5 41. Kf2 a4 42. Bc2 ({Much weaker is} 42. Re2 Kf6 43. Be4 Rxb3 $17 (43... axb3 $2 44. Rd2 $19)) 42... axb3 43. Rxb3 Nxc4 44. Rxa3 Nxa3 {[%emt 0:00:30] Black defended with fortune.   Weighted Error Value: White=0.41/Black=0.49  Loses game:     	---       	Black=1      Mistake:       	White=6     	Black=6      Inaccurate:     	White=2     	Black=1      OK:         	White=13    	Black=13     Best:        	White=1     	Black=1} 1/2-1/2

[Event "Silves Open 2025"]
[Site "Fissul"]
[Date "2025.03.03"]
[Round "4.14"]
[White "Monteiro, Paulo Alexandre G"]
[Black "Silva, Ana Ines Teixeira Da"]
[Result "1-0"]
[Annotator "TA"]
[ECO "D37"]
[WhiteElo "2221"]
[BlackElo "1901"]
[PlyCount "77"]
[EventDate "2025.03.03"]
[EventType "swiss"]
[EventCountry "POR"]
[SourceTitle "playchess.com"]
[Source "ChessBase"]
[SourceQuality "1"]
[TimeControl "5400+30"]

1. d4 d5 2. c4 e6 3. Nc3 h6 4. Nf3 Nf6 5. Bf4 Bd6 6. Bxd6 {[%emt 0:00:23] D37: Queen's Gambit Declined: 5 Bf4.} Qxd6 7. e3 O-O 8. c5 {[%emt 0:01:03] White is slightly better.} Qe7 9. b4 Nbd7 10. Be2 c6 11. b5 e5 12. O-O exd4 13. exd4 Ne4 14. Rc1 Re8 $146 {[%emt 0:04:29] [#] Hoping for ...Nxc3.} (14... Ndf6 15. bxc6 bxc6 16. Ne5 Qc7 17. Nxe4 Nxe4 18. Qa4 Bd7 19. Bd3 Nf6 20. Rb1 Rab8 {1-0 Sevcikova,L (2047)-Hoanca,A (1830) Wch U18 Girls 2023 (2)}) 15. Re1 Nf8 {[%emt 0:12:48] White leaves nothing to chance now.} ({Black should try} 15... Ndf6) 16. bxc6 $16 bxc6 17. Nxe4 dxe4 18. Ne5 Qg5 19. Rc3 Be6 (19... Ng6 $142) 20. Nxc6 {[%emt 0:10:08][%csl Oc5] White has a strong passed pawn} Bxa2 (20... Bd5 $16 21. Nb4 Red8) 21. Nb4 Bd5 22. Nxd5 Qxd5 23. Bc4 Qd8 24. d5 Qf6 25. Rc1 Ng6 $2 (25... Rac8 26. d6 Rcd8) 26. d6 $18 Rad8 27. d7 Re5 {[%emt 0:00:29] [#]} (27... Rf8 $142 28. Bb5 (28. Rxe4 Qc6 $18) 28... Qf4) 28. c6 $1 {[%emt 0:01:05][%mdl 512] and c7 would now be decisive} Nf8 29. c7 Nxd7 30. cxd8=Q+ Qxd8 31. Qd6 Qe8 32. Ba2 e3 33. fxe3 Rxe3 34. Qd2 Re7 35. Rxe7 Qxe7 36. Rc7 Qe5 37. Bxf7+ Kxf7 38. Rxd7+ (38. Qxd7+ $142 Kg6 39. Qc6+ (39. Rxa7 $2 Qe1#) (39. Qd3+ Kf6 $18) 39... Kh7 40. Qc2+ (40. Rxa7 $2 Qe1#) 40... Kg8 41. Rc8+ (41. Rxa7 $2 Qe1#) 41... Kf7 42. Qc7+ Qxc7 43. Rxc7+ Kf6 44. Rxa7) 38... Kg8 39. Qd5+ {[%emt 0:00:09] Weighted Error Value: White=0.34/Black=1.02  Mistake:       	---       	Black=5      Inaccurate:     	---       	Black=1      OK:         	White=15    	Black=4      Best:        	White=1     	Black=2} ({Weaker is} 39. Rxa7 Qc5+ 40. Kf1 (40. Qf2 Qc1+ 41. Qf1 Qe3+ 42. Kh1 Qxa7 $11) 40... Qxa7 $11) 1-0

[Event "Silves Open 2025"]
[Site "Fissul"]
[Date "2025.03.03"]
[Round "4.15"]
[White "Santos, Antonio P"]
[Black "Albuquerque, Eduardo Ferreira"]
[Result "1/2-1/2"]
[Annotator "TA"]
[ECO "E36"]
[WhiteElo "2209"]
[BlackElo "1897"]
[PlyCount "124"]
[EventDate "2025.03.03"]
[EventType "swiss"]
[EventCountry "POR"]
[SourceTitle "playchess.com"]
[Source "ChessBase"]
[SourceQuality "1"]
[TimeControl "5400+30"]

1. d4 Nf6 2. c4 e6 3. Nf3 Bb4+ 4. Nbd2 O-O 5. a3 Bxd2+ 6. Qxd2 d5 7. Qc2 dxc4 8. Qxc4 b6 9. g3 {[%emt 0:00:30] E36: Nimzo-Indian: Classical: 4...d5 5 a3.} Ba6 {[%emt 0:00:30] 9...Bb7 is not played anymore.} 10. Qc2 Bb7 11. Bg2 Nbd7 12. b4 c5 13. dxc5 bxc5 14. bxc5 $146 (14. O-O Rc8 15. Qb2 c4 16. Qd4 Qb6 17. Bb2 Bd5 18. Rac1 Qb7 19. Rfd1 Rfe8 20. Ne1 Bxg2 21. Nxg2 {1-0 Sumets,A (2614)-Bellaiche,A (2442) FRA-chT Top 16 Gp Basse 2010 (11.1)}) 14... Qa5+ 15. Bd2 Qxc5 16. Qxc5 Nxc5 17. O-O {[%emt 0:00:30] The position is symmetric and equal} Nb3 {[%cal Ob7f3] A dynamic duo of knights.} 18. Ra2 Rfc8 19. Be3 a5 20. a4 Bd5 21. Rb2 Rab8 22. Ne5 Bxg2 23. Kxg2 Nd5 24. Ba7 Ra8 25. Rxb3 Rxa7 26. Rfb1 (26. Rc1 $5 Rca8 (26... Nf4+ $2 27. gxf4 Rca8 28. Rbc3 $18) 27. Rc5 $16) 26... Nb4 27. Nd3 Rb7 28. Nxb4 Rcb8 $1 {[#]} 29. Kf3 $1 axb4 $11 {[%mdl 4096] Endgame KRR-KRR} (29... Kf8 30. R1b2) 30. Ke3 Kf8 31. Kd2 Ke7 (31... Rd7+ $11 32. Ke1 Rdb7) 32. Kc2 $14 f6 33. Rd3 e5 34. Kb3 {White is more active.} Rc7 35. Rb2 Rc6 (35... e4 $14 36. Re3 Kf7 (36... f5 37. g4 $14)) 36. Rc2 $16 Rcb6 (36... Rxc2 37. Kxc2 g6 38. Kb3) (36... Ra6 $16 37. Rc7+ Ke6) 37. Rc5 R6b7 38. Rdd5 Ke6 (38... Ra8 {might work better.} 39. Rb5 Rc7) 39. e4 $18 Ra7 40. Rc6+ Ke7 41. a5 h5 42. h4 Ke8 43. Rb6 Rxb6 (43... Rba8 44. Kxb4 Rc7) 44. axb6 {KR-KR} Rb7 45. Rb5 (45. Kxb4 Rxb6+ 46. Rb5 Rd6 $11) 45... Kd7 46. Kxb4 Kc6 {[#]} 47. Ka5 ({White has to play} 47. Kc4 $1 $18 {aiming for Rc5+.} Rxb6 48. Rxb6+ Kxb6 49. Kd5) 47... Rb8 $14 48. f4 Ra8+ 49. Kb4 Ra1 {...Rb1+ is the strong threat.} 50. Rc5+ (50. fxe5 $2 Rb1+ 51. Kc4 Rxb5 $19) ({White should play} 50. Kc3 $1 $14 Ra3+ (50... Kxb5 $2 51. b7 $18) 51. Kd2 (51. Kb4 Ra1 $11)) 50... Kxb6 $11 51. Rc3 (51. fxe5 $2 {loses.} Rb1+ 52. Kc4 Rc1+ 53. Kd4 Rxc5 $19) 51... exf4 52. gxf4 Rh1 (52... Rf1 $5 53. f5 $8 Rf4 $11) 53. Kc4 Rxh4 54. Rf3 Kc6 55. Kd4 Kd6 56. f5 Rg4 57. Ra3 Rg1 58. Ra6+ Ke7 59. Ra7+ Kd6 60. Ra6+ {The position is equal.} Kd7 61. Ra7+ Kd6 62. Ra6+ Kd7 {White really could win this.   Weighted Error Value: White=0.16 (very precise) /Black=0.22 (precise)   Mistake:       	White=1     	Black=5      Inaccurate:     	White=3     	Black=6      OK:         	White=28    	Black=15     Best:        	White=1     	Black=4      Strong:       	---       	Black=1} 1/2-1/2

[Event "Silves Open 2025"]
[Site "Fissul"]
[Date "2025.03.03"]
[Round "4.16"]
[White "Dias, Ivo Rodrigues"]
[Black "Leal, Jose Alberto"]
[Result "1-0"]
[Annotator "TA"]
[ECO "C10"]
[WhiteElo "2097"]
[BlackElo "1688"]
[PlyCount "59"]
[EventDate "2025.03.03"]
[EventType "swiss"]
[EventCountry "POR"]
[SourceTitle "playchess.com"]
[Source "ChessBase"]
[SourceQuality "1"]
[TimeControl "5400+30"]

1. e4 e6 2. d4 d5 3. Nc3 dxe4 4. Nxe4 Bd7 5. Nf3 Bc6 6. Bd3 Nd7 7. O-O Ngf6 8. Ng3 Bxf3 9. Qxf3 c6 {[%emt 0:01:25] C10: French with 3 Nc3: Unusual Black 3rd moves and 3...dxe4.} 10. Re1 Be7 11. c3 Qb6 {[%emt 0:10:30] White is slightly better.} 12. b3 O-O-O $146 (12... O-O $14) (12... O-O 13. Bb2 c5 14. dxc5 Nxc5 15. Bc2 Rac8 16. c4 Rfd8 17. Bc3 a5 18. Re5 Ncd7 {1-0 Miesbauer,J (1991)-Havelka,O (1642) CZE-ch U14 Kouty nad Desnou 2014 (2)}) 13. Nf1 (13. b4 $16) 13... Bf8 (13... Rdg8 $14) 14. Ne3 {[%emt 0:01:37] and Nc4 would now be decisive White has more active pieces.} Qc7 {[%emt 0:07:23] [#]} (14... Qa5 $16) 15. Nc4 $1 $18 Bd6 {[%emt 0:04:42] Against Bf4} 16. Nxd6+ Qxd6 17. Bf4 Qd5 18. Qe2 Qh5 (18... Nf8 $16 19. b4 Ng6) 19. f3 (19. Qb2 $18) 19... Nd5 20. Bd2 g5 21. g3 {Against Nf4} Rhg8 22. c4 Nf4 {[#] A mistake that costs the game.} (22... Nc7 $16 23. Bb4 Rge8) 23. gxf4 gxf4+ 24. Kh1 Rg3 25. Bxf4 Qxf3+ 26. Qxf3 Rxf3 27. Bg5 (27. Bxh7 Rxf4 28. Re4 Rf2 $11) (27. Be3) 27... Rg8 $2 (27... Rxd3 {was called for.} 28. Bxd8 Kxd8) 28. Be2 (28. Bxh7 Rxg5 29. Rf1 Rh3 30. Rxf7 Rgh5 $11) 28... Rf2 29. Be3 Rfg2 30. Rg1 {[%emt 0:00:00] Weighted Error Value: White=0.35/Black=0.61  Loses game:     	---       	Black=1      Mistake:       	White=3     	Black=5      Inaccurate:     	White=1     	Black=1      OK:         	White=4     	Black=5      Best:        	White=2     	---} 1-0

[Event "Silves Open 2025"]
[Site "Fissul"]
[Date "2025.03.03"]
[Round "4.17"]
[White "Santos, Joao Artur Almeida"]
[Black "Boesel, Alexander"]
[Result "1-0"]
[Annotator "TA"]
[ECO "B10"]
[WhiteElo "1950"]
[BlackElo "2046"]
[PlyCount "75"]
[EventDate "2025.03.03"]
[EventType "swiss"]
[EventCountry "POR"]
[SourceTitle "playchess.com"]
[Source "ChessBase"]
[SourceQuality "1"]
[TimeControl "5400+30"]

1. e4 c6 2. Nf3 d5 3. d3 dxe4 4. dxe4 Qxd1+ 5. Kxd1 Nf6 6. Nfd2 {[%emt 0:00:30] B10: Caro-Kann: 2 d3 and 2 c4.} e5 7. a4 Ng4 8. Ke2 {[%emt 0:00:30] The position is equal.} Be6 9. f3 Nf6 10. Na3 $146 (10. Ke1 Bc5 11. Bc4 Bxc4 12. Nxc4 Nfd7 13. Nbd2 Na6 14. c3 Nc7 15. Nb3 Ne6 16. Nxc5 Nexc5 {1-0 Nepomniachtchi,I (2767)-Popov,I (2636) Wch Blitz Moscow 2019 (5)}) 10... Nbd7 11. Ndc4 Bc5 12. Be3 O-O {[%emt 0:00:30] [#]} 13. Nxe5 $1 Bxa3 (13... Bxe3 14. Nxd7) 14. Nxd7 Bxb2 15. Nxf8 {[%emt 0:00:30] A sharp opening} Bxa1 16. Nxe6 fxe6 17. Kf2 Bc3 ({Black should try} 17... Rf8 $14) 18. Bc4 $16 Kf7 19. Rd1 {[%emt 0:00:30] g4 would now be deadly. Prevents Rd8.} Be5 (19... Ba5 $16) 20. Rb1 ({White should try} 20. f4 $1 $18 Bc7 (20... Nxe4+ $2 21. Kf3 $18) 21. Kf3) 20... b6 $14 21. Rd1 $36 {[%emt 0:00:30][%mdl 2048] White has some pressure.} Ke7 22. a5 Bc7 23. a6 h6 24. g3 Bd6 25. c3 Rd8 $2 {[%mdl 8192] [#]} (25... Nd7 $11 {and Black stays safe.}) 26. e5 $1 $18 Bxe5 27. Rxd8 Kxd8 {[#]} 28. Bxb6+ {[%mdl 4608] Endgame KBB-KBN} Kc8 (28... axb6 $2 29. a7 $18 (29. Bxe6 $2 {is the wrong capture.} Kc7 $19)) (28... Kd7 29. Bxa7) 29. Bxe6+ Kb8 30. Bc5 Ne8 31. Bd7 {This pair of bishops is nice.} Bd6 $2 (31... Nc7 {was called for.}) 32. Bxd6+ Nxd6 33. Bxc6 {KB-KN. White is two pawns up.} Kc7 34. Be4 Kb6 35. Bd3 Kc5 36. Ke3 Ne8 $2 (36... Kd5 37. Kf4 Ke6) 37. Ke4 Nf6+ 38. Kf5 {Weighted Error Value: White=0.14 (very precise) /Black=0.45  Loses game:     	---       	Black=1      Mistake:       	White=1     	Black=4      Inaccurate:     	White=4     	Black=3      OK:         	White=13    	Black=7      Best:        	White=4     	Black=4      Brilliant:      	White=2     	---} 1-0